Toronto St Pats vs Tappara Tampere

Created - Tuesday, December 9, 2025 at 07:17

Goals
1 2 3 OT1 T
Toronto St Pats 0 1 4 0 5
Tappara Tampere 2 3 0 1 6
Shots
1 2 3 OT1 T
Toronto St Pats 12 10 24 3 49
Tappara Tampere 15 18 10 8 51

1st period

1. Tappara Tampere , Nathan Walker 1 (Logan Stankoven 7, Michael Rasmussen 10) at 2:52
2. Tappara Tampere , Nathan Walker 2 (Logan Stankoven 8, Michael Rasmussen 11) at 8:21

Penalties :
Brendan Brisson (TSP) for Goalie Interference (Minor) at 3:29

2nd period

3. Tappara Tampere , Logan Stankoven 9 (John Klingberg 6) at 6:50 (PP)
4. Toronto St Pats , Aleksanteri Kaskimaki 3 (Jacob Moverare 7, Jonah Gadjovich 8) at 16:18
5. Tappara Tampere , Nathan Walker 3 (Michael Rasmussen 12) at 17:44
6. Tappara Tampere , Logan Stankoven 10 (Nathan Walker 8, Michael Rasmussen 13) at 19:06

Penalties :
Andreas Englund (TAP) for Fighting (Major) at 0:45, Jonah Gadjovich (TSP) for Fighting (Major) at 0:45, Jonah Gadjovich (TSP) for Roughing (Double Minor) at 6:23, Sam Carrick (TAP) for Tripping (Minor) at 10:01

3rd period

7. Toronto St Pats , Brendan Brisson 1 (Elias Salomonsson 1, Ty Mueller 1) at 3:42
8. Toronto St Pats , Austin Watson 4 (Kyle MacLean 9, Juuso Valimaki 4) at 7:38
9. Toronto St Pats , Jakub Dvorak 1 (Nico Myatovic 2, Brendan Brisson 3) at 16:18
10. Toronto St Pats , Kyle MacLean 10 (Ville Koivunen 10, Scott Perunovich 11) at 17:15

Penalties :
Andreas Englund (TAP) for Fighting (Major) at 7:22, Bogdan Trineyev (TSP) for Fighting (Major) at 7:22, Jan Rutta (TAP) for Fighting (Major) at 17:26, Jonah Gadjovich (TSP) for Fighting (Major) at 17:26

Overtime #1

11. Tappara Tampere , Logan Stankoven 11 (Nathan Walker 9, Michael Rasmussen 14) at 12:55

Penalties :
Kyle MacLean (TSP) for Roughing (Double Minor) at 4:44

Goalie Stats

Matt Murray (TSP), 45 saves from 51 shots - (0.882), OTL, 7-3-2, 72:55 minutes
Joel Hofer (TAP), 44 saves from 49 shots - (0.898), W, 9-1-0, 72:55 minutes

Players Stats for Toronto St Pats

Player Name              G  A  P  +/- PIM S  H  SB GA TA FO     MP     PP MP  PK MP  
------------------------------------------------------------------------------------
                         0  0  0   0  0   0  0  0  0  0  0/0     0:00   0:00   0:00 
Aleksanteri Kaskimaki    1  0  1  -2  0   3  2  1  0  0  11/22  16:08   0:08   0:00 
Austin Watson            1  0  1   0  0   1  4  0  1  1  0/1    22:28   1:01   3:38 
Bogdan Trineyev          0  0  0  -2  5   3  1  0  0  0  1/1    14:37   0:00   0:00 
Brendan Brisson          1  1  2   2  2   2  3  1  0  1  0/0    11:58   0:00   1:04 
Brett Berard             0  0  0   0  0   4  2  2  1  0  4/9    23:13   0:51   3:32 
Cole McWard              0  0  0  -3  0   1  1  2  0  0  0/0    24:54   0:59   4:04 
Cole Schwindt            0  0  0   0  0   2  0  0  1  1  0/0    19:38   0:51   0:00 
Elias Salomonsson        0  1  1   2  0   2  1  2  0  1  0/0    17:22   0:00   0:34 
Jacob Moverare           0  1  1   1  0   1  1  2  1  2  0/0    30:39   1:00   3:46 
Jakub Dvorak             1  0  1   2  0   1  1  2  0  1  0/0    17:22   0:00   0:34 
John Farinacci           0  0  0   0  0   4  1  0  1  0  11/21  19:42   0:57   0:00 
Jonah Gadjovich          0  1  1  -2  14  7  3  1  0  1  0/2    14:37   0:00   1:14 
Juuso Valimaki           0  1  1   1  0   3  4  0  0  1  0/0    30:39   1:00   3:46 
Kyle MacLean             1  1  2   0  4   6  1  0  1  1  11/23  21:01   1:01   2:12 
Nico Myatovic            0  1  1   2  0   1  2  0  0  0  0/0    10:01   0:00   0:06 
Scott Perunovich         0  1  1  -3  0   2  0  2  0  0  0/0    24:54   0:59   4:04 
Ty Mueller               0  1  1   2  0   3  1  0  2  0  1/5    14:34   0:07   1:20 
Ville Koivunen           0  1  1   0  0   3  4  0  1  2  0/1    22:18   1:01   3:42 

Players Stats for Tappara Tampere

Player Name              G  A  P  +/- PIM S  H  SB GA TA FO     MP     PP MP  PK MP  
------------------------------------------------------------------------------------
                         0  0  0   0  0   0  0  0  0  0  0/0     0:00   0:00   0:00 
Andreas Englund          0  0  0   0  10  0  3  2  0  0  0/0    21:39   4:00   0:53 
Andrew Poturalski        0  0  0  -2  0   4  4  0  2  0  4/5    21:15   3:39   0:26 
Jan Rutta                0  0  0   2  5   2  2  1  0  1  0/0    24:44   4:10   1:06 
Jayson Megna             0  0  0  -2  0   1  2  0  0  0  0/1    13:05   0:52   1:00 
John Klingberg           0  1  1  -1  0   0  0  1  0  1  0/0    23:16   4:00   0:00 
Jonathan Lekkerimaki     0  0  0  -2  0   3  1  0  0  0  0/0    11:45   0:32   0:00 
Justin Holl              0  0  0   2  0   2  1  0  0  0  0/0    26:45   4:10   1:06 
Klim Kostin              0  0  0  -1  0   1  2  1  0  1  0/2    15:47   0:38   0:00 
Logan Stankoven          3  2  5   5  0   8  1  0  3  0  0/0    22:40   3:40   0:00 
Max Sasson               0  0  0  -2  0   2  0  1  0  0  0/1    11:13   0:00   0:00 
Michael Rasmussen        0  5  5   5  0   6  3  1  1  1  16/30  23:38   3:40   0:38 
Mitchell Chaffee         0  0  0  -1  0   5  3  0  1  0  0/1    18:49   3:40   0:00 
Nathan Walker            3  2  5   5  0   5  2  0  2  1  1/1    23:38   3:40   0:58 
Pierre Engvall           0  0  0  -2  0   5  1  0  2  1  1/4    20:26   3:36   0:00 
Sam Carrick              0  0  0  -2  2   5  2  2  1  0  14/22  17:34   0:25   0:00 
Sebastian J. Aho         0  0  0  -2  0   1  2  1  0  3  0/0    23:05   0:14   0:00 
Tomas Nosek              0  0  0  -1  0   0  1  0  0  0  10/18  16:55   0:50   0:56 
Ville Ottavainen         0  0  0  -1  0   1  5  2  0  0  0/0    26:18   0:14   0:53 

3 Stars

1 - Nathan Walker (TAP)
2 - Logan Stankoven (TAP)
3 - Michael Rasmussen (TAP)

Power Play

Toronto St Pats - 0 on 1 Attempt(s) - 0.00%
Tappara Tampere - 1 on 5 Attempt(s) - 20.00%

Penalty Kill

Toronto St Pats - 4 on 5 Attempt(s) - 80.00% - Score 0 goal in Penalty Kill
Tappara Tampere - 1 on 1 Attempt(s) - 100.00% - Score 0 goal in Penalty Kill

Team Stat

Toronto St Pats - Hits : 32 - Faceoff Wins : 39 - Blocked Shots : 15 - Penalty Minutes : 25
Tappara Tampere - Hits : 35 - Faceoff Wins : 46 - Blocked Shots : 12 - Penalty Minutes : 17

Official

Referees : Pierre Lambert and Peter Macdougall
Linesman : Matt MacPherson and Joseph Mahon

Game Notes

Andreas Englund beats up Jonah Gadjovich at 0:45 of 2nd period
Nathan Walker has scored a Hat Trick!
Andreas Englund and Bogdan Trineyev fight to a draw at 7:22 of 3rd period
17:15 of 3rd period - Toronto St Pats goal is going for a video replay. After video review, Goal.
Jonah Gadjovich beats up Jan Rutta at 17:26 of 3rd period
Logan Stankoven has scored a Hat Trick!

Toronto St Pats

5 vs 5 Forward 
   Center                   Left Wing                Right Wing               Time % Phy DF OF 
 1 Kyle MacLean             Austin Watson            Ville Koivunen           30     1   2  2  
 2 John Farinacci           Brett Berard             Cole Schwindt            30     1   2  2  
 3 Aleksanteri Kaskimaki    Jonah Gadjovich          Bogdan Trineyev          25     1   2  2  
 4 Ty Mueller               Nico Myatovic            Brendan Brisson          15     1   2  2  

5 vs 5 Defense 
   Defense                  Defense                                           Time % Phy DF OF 
 1 Juuso Valimaki           Jacob Moverare                                    30     1   2  2  
 2 Scott Perunovich         Cole McWard                                       30     1   2  2  
 3 Elias Salomonsson        Jakub Dvorak                                      25     1   2  2  
 4 Juuso Valimaki           Jacob Moverare                                    15     1   2  2  

PowerPlay Forward 
   Center                   Left Wing                Right Wing               Time % Phy DF OF 
 1 Kyle MacLean             Austin Watson            Ville Koivunen           50     1   1  3  
 2 John Farinacci           Brett Berard             Cole Schwindt            50     1   1  3  

PowerPlay Defense
   Defense                  Defense                                           Time % Phy DF OF 
 1 Juuso Valimaki           Jacob Moverare                                    50     1   1  3  
 2 Scott Perunovich         Cole McWard                                       50     1   1  3  

Penalty Kill 4 Players Forward 
   Center                   Wing                     Time % Phy DF OF 
 1 Kyle MacLean             Austin Watson            50     1   3  1  
 2 Brett Berard             Ville Koivunen           50     1   3  1  

Penalty Kill 4 Players Defense
   Defense                  Defense                  Time % Phy DF OF 
 1 Juuso Valimaki           Jacob Moverare           50     1   3  1  
 2 Scott Perunovich         Cole McWard              50     1   3  1  

Penalty Kill - 3 Players Forward 
   Forward                                           Time % Phy DF OF 
 1 Kyle MacLean                                      50     1   3  1  
 2 Austin Watson                                     50     1   3  1  

Penalty Kill - 3 Players Defense
   Defense                  Defense                  Time % Phy DF OF 
 1 Juuso Valimaki           Jacob Moverare           50     1   3  1  
 2 Scott Perunovich         Cole McWard              50     1   3  1  

4 vs 4 Forward 
   Center                   Wing                     Time % Phy DF OF 
 1 Kyle MacLean             Austin Watson            50     1   2  2  
 2 Brett Berard             Ville Koivunen           50     1   2  2  

4 vs 4 Defense
   Defense                  Defense                  Time % Phy DF OF 
 1 Juuso Valimaki           Jacob Moverare           50     1   2  2  
 2 Scott Perunovich         Cole McWard              50     1   2  2  

Last Minutes Offensive
   Center                   Left Wing                Right Wing               Defense                  Defense                  
   Kyle MacLean             Austin Watson            Ville Koivunen           Juuso Valimaki           Jacob Moverare           

Last Minutes Defensive
   Center                   Left Wing                Right Wing               Defense                  Defense                  
   Kyle MacLean             Austin Watson            Ville Koivunen           Juuso Valimaki           Jacob Moverare           

Goaltenders
Starting : Matt Murray              
Backup : Ben Kraws                

Extra Forwards
Normal : Aleksanteri Kaskimaki, Ty Mueller, Jonah Gadjovich - PP : Aleksanteri Kaskimaki, Ty Mueller - PK : Jonah Gadjovich
Extra Defensemen
Normal : Elias Salomonsson, Jakub Dvorak, Scott Perunovich - PP : Elias Salomonsson - PK : Jakub Dvorak, Scott Perunovich
Penalty Shots
Kyle MacLean, Austin Watson, Brett Berard, Ville Koivunen, John Farinacci

Scratches
Jakub Stancl (Healthy), Ryan Tverberg (Healthy), Dylan Peterson (Healthy), Eetu Liukas (Healthy), Matthew Maggio (Healthy)
Joni Jurmo (Healthy), Lassi Thomson (Healthy), Jakub Skarek (Healthy), Sergei Murashov (Healthy)

Tappara Tampere

5 vs 5 Forward 
   Center                   Left Wing                Right Wing               Time % Phy DF OF 
 1 Michael Rasmussen        Nathan Walker            Logan Stankoven          30     0   2  3  
 2 Sam Carrick              Pierre Engvall           Andrew Poturalski        30     0   2  3  
 3 Tomas Nosek              Klim Kostin              Mitchell Chaffee         25     1   2  2  
 4 Jayson Megna             Max Sasson               Jonathan Lekkerimaki     15     1   2  2  

5 vs 5 Defense 
   Defense                  Defense                                           Time % Phy DF OF 
 1 Jan Rutta                Justin Holl                                       34     1   2  2  
 2 Andreas Englund          John Klingberg                                    33     1   2  2  
 3 Ville Ottavainen         Sebastian J. Aho                                  33     1   2  2  
 4 Jan Rutta                Justin Holl                                       0      1   2  2  

PowerPlay Forward 
   Center                   Left Wing                Right Wing               Time % Phy DF OF 
 1 Michael Rasmussen        Nathan Walker            Logan Stankoven          50     0   0  5  
 2 Andrew Poturalski        Pierre Engvall           Mitchell Chaffee         50     0   0  5  

PowerPlay Defense
   Defense                  Defense                                           Time % Phy DF OF 
 1 Jan Rutta                Justin Holl                                       50     0   1  4  
 2 Andreas Englund          John Klingberg                                    50     0   1  4  

Penalty Kill 4 Players Forward 
   Center                   Wing                     Time % Phy DF OF 
 1 Michael Rasmussen        Nathan Walker            50     0   5  0  
 2 Sam Carrick              Tomas Nosek              50     0   5  0  

Penalty Kill 4 Players Defense
   Defense                  Defense                  Time % Phy DF OF 
 1 Jan Rutta                Justin Holl              50     0   5  0  
 2 Ville Ottavainen         Andreas Englund          50     0   5  0  

Penalty Kill - 3 Players Forward 
   Forward                                           Time % Phy DF OF 
 1 Michael Rasmussen                                 50     0   5  0  
 2 Sam Carrick                                       50     0   5  0  

Penalty Kill - 3 Players Defense
   Defense                  Defense                  Time % Phy DF OF 
 1 Jan Rutta                Justin Holl              50     0   5  0  
 2 Ville Ottavainen         Andreas Englund          50     0   5  0  

4 vs 4 Forward 
   Center                   Wing                     Time % Phy DF OF 
 1 Michael Rasmussen        Logan Stankoven          50     1   2  2  
 2 Sam Carrick              Nathan Walker            50     1   2  2  

4 vs 4 Defense
   Defense                  Defense                  Time % Phy DF OF 
 1 Jan Rutta                Justin Holl              50     1   2  2  
 2 Andreas Englund          John Klingberg           50     1   2  2  

Last Minutes Offensive
   Center                   Left Wing                Right Wing               Defense                  Defense                  
   Andrew Poturalski        Logan Stankoven          Mitchell Chaffee         Jan Rutta                John Klingberg           

Last Minutes Defensive
   Center                   Left Wing                Right Wing               Defense                  Defense                  
   Sam Carrick              Nathan Walker            Michael Rasmussen        Jan Rutta                Justin Holl              

Goaltenders
Starting : Joel Hofer               
Backup : Ken Appleby              

Extra Forwards
Normal : Mitchell Chaffee, Tomas Nosek, Jayson Megna - PP : Mitchell Chaffee, Tomas Nosek - PK : Jayson Megna
Extra Defensemen
Normal : Ville Ottavainen, Sebastian J. Aho, Andreas Englund - PP : Andreas Englund - PK : Sebastian J. Aho, Andreas Englund
Penalty Shots
Jayson Megna, Jonathan Lekkerimaki, Andrew Poturalski, Nathan Walker, Sam Carrick

Scratches
Dominik Kubalik (Healthy), Roni Hirvonen (Healthy), Simon Robertsson (Healthy), Niko Huuhtanen (Healthy), Ty Gallagher (Healthy)
Jesse Pulkkinen (Healthy), Jesper Vikman (Healthy), Nikita Tolopilo (Healthy), Brandon Bussi (Healthy)

% Time on Ice - Toronto St Pats

Lines # - Real PCT - Wanted PCT - Time Play
Normal Forward
1 - 28% - 30% - 17:49
2 - 30% - 30% - 18:50
3 - 26% - 25% - 15:58
4 - 16% - 15% - 9:55
Normal Defense
1 - 30% - 30% - 18:31
2 - 32% - 30% - 19:51
3 - 27% - 25% - 16:48
4 - 12% - 15% - 7:22
PP Forward
1 - 51% - 50% - 1:01
2 - 49% - 50% - 0:58
PP Defense
1 - 50% - 50% - 1:00
2 - 50% - 50% - 0:59
PK Forward
1 - 56% - 50% - 4:42
2 - 44% - 50% - 3:42
PK Defense
1 - 45% - 50% - 3:46
2 - 55% - 50% - 4:38
PK3 Forward
1 - 0% - 50%
2 - 0% - 50%
PK3 Defense
1 - 0% - 50%
2 - 0% - 50%
44 Forward
1 - 0% - 50%
2 - 0% - 50%
44 Defense
1 - 0% - 50%
2 - 0% - 50%
Last Minute Offensive  - 0:00
Last Minute Defensive  - 0:00
Total
Forward - 72:55
Defense - 72:55

% Time on Ice - Tappara Tampere

Lines # - Real PCT - Wanted PCT - Time Play
Normal Forward
1 - 30% - 30% - 19:00
2 - 27% - 30% - 17:10
3 - 24% - 25% - 15:09
4 - 18% - 15% - 11:13
Normal Defense
1 - 33% - 34% - 20:38
2 - 33% - 33% - 20:47
3 - 34% - 33% - 21:07
4 - 0% - 0% - 0:00
PP Forward
1 - 49% - 50% - 4:05
2 - 51% - 50% - 4:19
PP Defense
1 - 52% - 50% - 4:24
2 - 48% - 50% - 4:00
PK Forward
1 - 28% - 50% - 0:33
2 - 72% - 50% - 1:26
PK Defense
1 - 55% - 50% - 1:06
2 - 45% - 50% - 0:53
PK3 Forward
1 - 0% - 50%
2 - 0% - 50%
PK3 Defense
1 - 0% - 50%
2 - 0% - 50%
44 Forward
1 - 0% - 50%
2 - 0% - 50%
44 Defense
1 - 0% - 50%
2 - 0% - 50%
Last Minute Offensive  - 0:00
Last Minute Defensive  - 0:00
Total
Forward - 72:55
Defense - 72:55

Play-by-Play

1st period


0:01 of 1st period - Kyle MacLean wins face-off versus Michael Rasmussen in neutral zone.
0:34 of 1st period - Snap shot by Andrew Poturalski.
0:34 of 1st period - Stopped by Matt Murray with a rebound.
0:46 of 1st period - Snap shot by Klim Kostin.
0:46 of 1st period - Stopped by Matt Murray with a rebound.
0:48 of 1st period - Slapshot by Jan Rutta.
0:48 of 1st period - Stopped by Matt Murray with a rebound.
0:50 of 1st period - Wrist shot by Mitchell Chaffee.
0:50 of 1st period - Shot Misses the Net.
1:06 of 1st period - Max Sasson is hit by Nico Myatovic and loses puck.
1:35 of 1st period - Wrist shot by Andrew Poturalski.
1:35 of 1st period - Shot Misses the Net.
1:37 of 1st period - Slapshot by Andreas Englund.
1:37 of 1st period - Shot Blocked by Elias Salomonsson.
1:39 of 1st period - Snap shot by Sam Carrick.
1:39 of 1st period - Shot Misses the Net.
2:06 of 1st period - Elias Salomonsson is hit by Jayson Megna.
2:10 of 1st period - Cole Schwindt is hit by Ville Ottavainen and loses puck.
2:28 of 1st period - Icing by Jonathan Lekkerimaki.
2:29 of 1st period - Aleksanteri Kaskimaki wins face-off versus Jayson Megna in Tappara Tampere zone.
2:30 of 1st period - Snap shot by Jonah Gadjovich.
2:30 of 1st period - Stopped by Joel Hofer with a rebound.
2:32 of 1st period - Slapshot by Bogdan Trineyev.
2:32 of 1st period - Shot Blocked by Sebastian J. Aho.
2:34 of 1st period - Slapshot by Bogdan Trineyev.
2:34 of 1st period - Shot Blocked by Ville Ottavainen.
2:36 of 1st period - Snap shot by Aleksanteri Kaskimaki.
2:36 of 1st period - Deflect By Jonah Gadjovich.
2:36 of 1st period - Stopped by Joel Hofer without a rebound.
2:37 of 1st period - Bogdan Trineyev wins face-off versus Michael Rasmussen in Tappara Tampere zone.
2:50 of 1st period - Snap shot by Logan Stankoven.
2:50 of 1st period - Stopped by Matt Murray with a rebound.
2:52 of 1st period - Wrist shot by Nathan Walker.
2:52 of 1st period - Goal by Nathan Walker - Toronto St Pats : 0 - Tappara Tampere : 1.
2:53 of 1st period - Kyle MacLean wins face-off versus Sam Carrick in neutral zone.
2:56 of 1st period - Snap shot by Austin Watson.
2:56 of 1st period - Shot Misses the Net.
2:58 of 1st period - Slapshot by Ville Koivunen.
2:58 of 1st period - Stopped by Joel Hofer with a rebound.
3:00 of 1st period - Wrist shot by Jacob Moverare.
3:00 of 1st period - Deflect By Kyle MacLean.
3:00 of 1st period - Stopped by Joel Hofer without a rebound.
3:01 of 1st period - Sam Carrick wins face-off versus Ville Koivunen in Tappara Tampere zone.
3:04 of 1st period - Snap shot by Ville Koivunen.
3:04 of 1st period - Shot Misses the Net.
3:06 of 1st period - Slapshot by Juuso Valimaki.
3:06 of 1st period - Deflect By Andrew Poturalski.
3:06 of 1st period - Stopped by Joel Hofer without a rebound.
3:07 of 1st period - Tomas Nosek wins face-off versus Ty Mueller in Tappara Tampere zone.
3:07 of 1st period - Tomas Nosek is hit by Juuso Valimaki.
3:29 of 1st period - Minor Penalty to Brendan Brisson for Goalie Interference.
3:30 of 1st period - Michael Rasmussen wins face-off versus Kyle MacLean in Toronto St Pats zone.
3:39 of 1st period - Snap shot by Michael Rasmussen.
3:39 of 1st period - Stopped by Matt Murray without a rebound.
3:40 of 1st period - Kyle MacLean wins face-off versus Michael Rasmussen in Toronto St Pats zone.
4:16 of 1st period - Snap shot by Michael Rasmussen.
4:16 of 1st period - Stopped by Matt Murray without a rebound.
4:17 of 1st period - Brett Berard wins face-off versus Pierre Engvall in Toronto St Pats zone.
4:33 of 1st period - Snap shot by Mitchell Chaffee.
4:33 of 1st period - Stopped by Matt Murray without a rebound.
4:34 of 1st period - Andrew Poturalski wins face-off versus Brett Berard in Toronto St Pats zone.
5:29 of 1st period - Penalty to Brendan Brisson is over, Brendan Brisson is back on ice.
5:39 of 1st period - Sebastian J. Aho is hit by Bogdan Trineyev and loses puck.
6:43 of 1st period - Justin Holl is hit by Austin Watson and loses puck.
6:51 of 1st period - Icing by Max Sasson.
6:52 of 1st period - Michael Rasmussen wins face-off versus Aleksanteri Kaskimaki in Tappara Tampere zone.
7:24 of 1st period - Icing by Ville Koivunen.
7:25 of 1st period - Kyle MacLean wins face-off versus Tomas Nosek in Toronto St Pats zone.
7:25 of 1st period - Kyle MacLean is hit by Klim Kostin.
7:41 of 1st period - John Klingberg is hit by Ville Koivunen and loses puck.
8:05 of 1st period - Snap shot by Pierre Engvall.
8:05 of 1st period - Stopped by Matt Murray without a rebound.
8:06 of 1st period - Michael Rasmussen wins face-off versus Aleksanteri Kaskimaki in Toronto St Pats zone.
8:09 of 1st period - Wrist shot by Logan Stankoven.
8:09 of 1st period - Deflect By Michael Rasmussen.
8:09 of 1st period - Shot Blocked by Aleksanteri Kaskimaki.
8:09 of 1st period - Puck is out of play.
8:10 of 1st period - Michael Rasmussen wins face-off versus Aleksanteri Kaskimaki in Toronto St Pats zone.
8:21 of 1st period - Wrist shot by Nathan Walker.
8:21 of 1st period - Goal by Nathan Walker - Toronto St Pats : 0 - Tappara Tampere : 2.
8:22 of 1st period - John Farinacci wins face-off versus Sam Carrick in neutral zone.
8:27 of 1st period - Snap shot by Cole Schwindt.
8:27 of 1st period - Deflect By Brett Berard.
8:27 of 1st period - Stopped by Joel Hofer with a rebound.
9:11 of 1st period - Wrist shot by Aleksanteri Kaskimaki.
9:11 of 1st period - Deflect By Jonah Gadjovich.
9:11 of 1st period - Stopped by Joel Hofer with a rebound.
9:31 of 1st period - Justin Holl is hit by Brendan Brisson and loses puck.
10:35 of 1st period - Backhand shot by Mitchell Chaffee.
10:35 of 1st period - Shot Misses the Net.
11:07 of 1st period - Scott Perunovich is hit by Jonathan Lekkerimaki and loses puck.
11:30 of 1st period - Snap shot by Kyle MacLean.
11:30 of 1st period - Shot Misses the Net.
11:32 of 1st period - Snap shot by Jacob Moverare.
11:32 of 1st period - Stopped by Joel Hofer without a rebound.
11:33 of 1st period - Michael Rasmussen wins face-off versus Kyle MacLean in Tappara Tampere zone.
12:08 of 1st period - Scott Perunovich is hit by Michael Rasmussen and loses puck.
12:17 of 1st period - Wrist shot by Logan Stankoven.
12:17 of 1st period - Shot Misses the Net.
12:45 of 1st period - Juuso Valimaki is hit by Ville Ottavainen and loses puck.
12:54 of 1st period - Wrist shot by Michael Rasmussen.
12:54 of 1st period - Stopped by Matt Murray with a rebound.
12:56 of 1st period - Snap shot by Andreas Englund.
12:56 of 1st period - Shot Blocked by Jacob Moverare.
12:58 of 1st period - Snap shot by Logan Stankoven.
12:58 of 1st period - Stopped by Matt Murray with a rebound.
13:00 of 1st period - Snap shot by Justin Holl.
13:00 of 1st period - Stopped by Matt Murray with a rebound.
13:24 of 1st period - Austin Watson is hit by Michael Rasmussen.
13:30 of 1st period - Kyle MacLean is hit by Nathan Walker and loses puck.
14:18 of 1st period - Wrist shot by Kyle MacLean.
14:18 of 1st period - Deflect By Ville Koivunen.
14:18 of 1st period - Stopped by Joel Hofer without a rebound.
14:19 of 1st period - John Farinacci wins face-off versus Sam Carrick in Tappara Tampere zone.
14:28 of 1st period - Icing by Scott Perunovich.
14:29 of 1st period - Sam Carrick wins face-off versus John Farinacci in Toronto St Pats zone.
14:32 of 1st period - Wrist shot by Andrew Poturalski.
14:32 of 1st period - Shot Blocked by Brett Berard.
14:34 of 1st period - Slapshot by Pierre Engvall.
14:34 of 1st period - Shot Blocked by Cole McWard.
14:36 of 1st period - Snap shot by Sam Carrick.
14:36 of 1st period - Stopped by Matt Murray without a rebound.
14:37 of 1st period - Brett Berard wins face-off versus Sam Carrick in Toronto St Pats zone.
15:04 of 1st period - Klim Kostin is hit by Juuso Valimaki and loses puck.
15:48 of 1st period - Off-side.
15:49 of 1st period - Sam Carrick wins face-off versus John Farinacci in neutral zone.
16:23 of 1st period - Wrist shot by Ty Mueller.
16:23 of 1st period - Shot Misses the Net.
17:16 of 1st period - Snap shot by Aleksanteri Kaskimaki.
17:16 of 1st period - Shot Misses the Net.
17:32 of 1st period - Snap shot by Aleksanteri Kaskimaki.
17:32 of 1st period - Stopped by Joel Hofer with a rebound.
17:34 of 1st period - Snap shot by Bogdan Trineyev.
17:34 of 1st period - Stopped by Joel Hofer with a rebound.
17:36 of 1st period - Snap shot by Juuso Valimaki.
17:36 of 1st period - Shot Blocked by Klim Kostin.
17:38 of 1st period - Snap shot by Juuso Valimaki.
17:38 of 1st period - Deflect By Jonah Gadjovich.
17:38 of 1st period - Deflect By Mitchell Chaffee.
17:38 of 1st period - Shot Misses the Net.
17:38 of 1st period - Puck is out of play.
17:39 of 1st period - John Farinacci wins face-off versus Sam Carrick in Tappara Tampere zone.
17:52 of 1st period - Wrist shot by Cole Schwindt.
17:52 of 1st period - Shot Misses the Net.
17:54 of 1st period - Snap shot by John Farinacci.
17:54 of 1st period - Shot Misses the Net.
18:04 of 1st period - Cole McWard is hit by Andreas Englund and loses puck.
18:17 of 1st period - Ty Mueller is hit by Andreas Englund and loses puck.
18:48 of 1st period - Brett Berard is hit by Sam Carrick and loses puck.
19:03 of 1st period - Austin Watson is hit by Jan Rutta and loses puck.
19:23 of 1st period - Off-side.
19:24 of 1st period - Pierre Engvall wins face-off versus Ty Mueller in neutral zone.
19:29 of 1st period - Wrist shot by Sam Carrick.
19:29 of 1st period - Deflect By Brendan Brisson.
19:29 of 1st period - Stopped by Matt Murray with a rebound.
19:45 of 1st period - Snap shot by Brendan Brisson.
19:45 of 1st period - Shot Misses the Net.
19:47 of 1st period - Wrist shot by Cole Schwindt.
19:47 of 1st period - Stopped by Joel Hofer with a rebound.
19:49 of 1st period - Snap shot by Cole McWard.
19:49 of 1st period - Shot Misses the Net.
Goals for this period are 0 for Toronto St Pats vs 2 for Tappara Tampere.
Shots for this period are 12 for Toronto St Pats vs 15 for Tappara Tampere.

2nd period


0:01 of 2nd period - Sam Carrick wins face-off versus John Farinacci in neutral zone.
0:32 of 2nd period - Snap shot by Mitchell Chaffee.
0:32 of 2nd period - Stopped by Matt Murray without a rebound.
0:33 of 2nd period - Sam Carrick wins face-off versus Aleksanteri Kaskimaki in Toronto St Pats zone.
0:42 of 2nd period - Slapshot by Scott Perunovich.
0:42 of 2nd period - Stopped by Joel Hofer without a rebound.
0:43 of 2nd period - Sam Carrick wins face-off versus Aleksanteri Kaskimaki in Tappara Tampere zone.
0:45 of 2nd period - Andreas Englund beats up Jonah Gadjovich.
0:45 of 2nd period - Penalty to Andreas Englund for Fighting.
0:45 of 2nd period - Penalty to Jonah Gadjovich for Fighting.
0:46 of 2nd period - Sam Carrick wins face-off versus John Farinacci in neutral zone.
3:06 of 2nd period - Slapshot by Kyle MacLean.
3:06 of 2nd period - Stopped by Joel Hofer without a rebound.
3:07 of 2nd period - Michael Rasmussen wins face-off versus Kyle MacLean in Tappara Tampere zone.
3:07 of 2nd period - Michael Rasmussen is hit by Kyle MacLean.
3:13 of 2nd period - Slapshot by John Klingberg.
3:13 of 2nd period - Shot Blocked by Scott Perunovich.
3:39 of 2nd period - Wrist shot by Andrew Poturalski.
3:39 of 2nd period - Shot Misses the Net.
3:41 of 2nd period - Snap shot by Pierre Engvall.
3:41 of 2nd period - Shot Misses the Net.
3:43 of 2nd period - Slapshot by Ville Ottavainen.
3:43 of 2nd period - Shot Blocked by Cole McWard.
4:16 of 2nd period - Ty Mueller is hit by Mitchell Chaffee.
4:21 of 2nd period - Off-side.
4:22 of 2nd period - Aleksanteri Kaskimaki wins face-off versus Sam Carrick in neutral zone.
4:25 of 2nd period - Slapshot by Juuso Valimaki.
4:25 of 2nd period - Shot Blocked by Sam Carrick.
4:35 of 2nd period - Aleksanteri Kaskimaki is hit by Andrew Poturalski.
5:38 of 2nd period - John Farinacci is hit by Andrew Poturalski and loses puck.
5:49 of 2nd period - Snap shot by Pierre Engvall.
5:49 of 2nd period - Shot Misses the Net.
6:12 of 2nd period - Slapshot by Scott Perunovich.
6:12 of 2nd period - Shot Misses the Net.
6:14 of 2nd period - Slapshot by John Farinacci.
6:14 of 2nd period - Stopped by Joel Hofer without a rebound.
6:15 of 2nd period - Aleksanteri Kaskimaki wins face-off versus Tomas Nosek in Tappara Tampere zone.
6:16 of 2nd period - Slapshot by Jonah Gadjovich.
6:16 of 2nd period - Stopped by Joel Hofer without a rebound.
6:17 of 2nd period - Tomas Nosek wins face-off versus Aleksanteri Kaskimaki in Tappara Tampere zone.
6:23 of 2nd period - Double Minor Penalty to Jonah Gadjovich for Roughing.
6:24 of 2nd period - Brett Berard wins face-off versus Andrew Poturalski in Toronto St Pats zone.
6:50 of 2nd period - Wrist shot by Logan Stankoven.
6:50 of 2nd period - Goal by Logan Stankoven - Toronto St Pats : 0 - Tappara Tampere : 3.
6:51 of 2nd period - Andrew Poturalski wins face-off versus Brett Berard in neutral zone.
6:54 of 2nd period - Snap shot by Pierre Engvall.
6:54 of 2nd period - Deflect By Ville Koivunen.
6:54 of 2nd period - Shot Misses the Net.
6:54 of 2nd period - Puck is out of play.
6:55 of 2nd period - Andrew Poturalski wins face-off versus Brett Berard in Toronto St Pats zone.
7:00 of 2nd period - Wrist shot by Pierre Engvall.
7:00 of 2nd period - Stopped by Matt Murray without a rebound.
7:01 of 2nd period - Andrew Poturalski wins face-off versus Brett Berard in Toronto St Pats zone.
7:08 of 2nd period - Slapshot by Pierre Engvall.
7:08 of 2nd period - Shot Blocked by Scott Perunovich.
7:10 of 2nd period - Snap shot by John Klingberg.
7:10 of 2nd period - Shot Misses the Net.
7:12 of 2nd period - Snap shot by Pierre Engvall.
7:12 of 2nd period - Shot Blocked by Brett Berard.
7:14 of 2nd period - Slapshot by Andrew Poturalski.
7:14 of 2nd period - Deflect By Pierre Engvall.
7:14 of 2nd period - Shot Misses the Net.
7:14 of 2nd period - Puck is out of play.
7:15 of 2nd period - Brett Berard wins face-off versus Michael Rasmussen in Toronto St Pats zone.
7:40 of 2nd period - Juuso Valimaki is hit by Mitchell Chaffee and loses puck.
8:50 of 2nd period - Penalty to Jonah Gadjovich is over, Jonah Gadjovich is back on ice.
9:00 of 2nd period - Wrist shot by Jonathan Lekkerimaki.
9:00 of 2nd period - Deflect By Max Sasson.
9:00 of 2nd period - Stopped by Matt Murray with a rebound.
9:02 of 2nd period - Backhand shot by Jan Rutta.
9:02 of 2nd period - Shot Misses the Net.
9:04 of 2nd period - Slapshot by Justin Holl.
9:04 of 2nd period - Shot Blocked by Jonah Gadjovich.
9:06 of 2nd period - Snap shot by Jonathan Lekkerimaki.
9:06 of 2nd period - Stopped by Matt Murray without a rebound.
9:07 of 2nd period - Tomas Nosek wins face-off versus Ty Mueller in Toronto St Pats zone.
9:30 of 2nd period - Jonathan Lekkerimaki is hit by Jonah Gadjovich and loses puck.
9:37 of 2nd period - Slapshot by Aleksanteri Kaskimaki.
9:37 of 2nd period - Shot Blocked by Andreas Englund.
9:39 of 2nd period - Slapshot by Jonah Gadjovich.
9:39 of 2nd period - Stopped by Joel Hofer without a rebound.
9:40 of 2nd period - John Farinacci wins face-off versus Pierre Engvall in Tappara Tampere zone.
9:41 of 2nd period - Snap shot by Brett Berard.
9:41 of 2nd period - Shot Blocked by Ville Ottavainen.
9:43 of 2nd period - Slapshot by John Farinacci.
9:43 of 2nd period - Stopped by Joel Hofer with a rebound.
9:45 of 2nd period - Snap shot by Cole McWard.
9:45 of 2nd period - Shot Misses the Net.
9:47 of 2nd period - Slapshot by Scott Perunovich.
9:47 of 2nd period - Deflect By Andrew Poturalski.
9:47 of 2nd period - Stopped by Joel Hofer with a rebound.
9:49 of 2nd period - Snap shot by Brett Berard.
9:49 of 2nd period - Shot Blocked by Sam Carrick.
9:51 of 2nd period - Snap shot by Cole McWard.
9:51 of 2nd period - Stopped by Joel Hofer with a rebound.
9:55 of 2nd period - Wrist shot by Brett Berard.
9:55 of 2nd period - Stopped by Joel Hofer with a rebound.
10:01 of 2nd period - Minor Penalty to Sam Carrick for Tripping.
10:02 of 2nd period - Kyle MacLean wins face-off versus Michael Rasmussen in Tappara Tampere zone.
10:13 of 2nd period - Slapshot by Jayson Megna.
10:13 of 2nd period - Shot Misses the Net.
10:15 of 2nd period - Slapshot by Jan Rutta.
10:15 of 2nd period - Shot Misses the Net.
10:17 of 2nd period - Slapshot by Jan Rutta.
10:17 of 2nd period - Shot Misses the Net.
10:19 of 2nd period - Slapshot by Justin Holl.
10:19 of 2nd period - Deflect By Jayson Megna.
10:19 of 2nd period - Stopped by Matt Murray with a rebound.
10:21 of 2nd period - Wrist shot by Jan Rutta.
10:21 of 2nd period - Stopped by Matt Murray with a rebound.
10:43 of 2nd period - Tomas Nosek is hit by Brett Berard and loses puck.
10:59 of 2nd period - Andreas Englund is hit by Austin Watson.
12:01 of 2nd period - Penalty to Sam Carrick is over, Sam Carrick is back on ice.
12:11 of 2nd period - Andrew Poturalski is hit by Brendan Brisson and loses puck.
12:45 of 2nd period - Max Sasson is hit by Jakub Dvorak and loses puck.
12:56 of 2nd period - Pierre Engvall is hit by Aleksanteri Kaskimaki and loses puck.
14:09 of 2nd period - Wrist shot by Jonathan Lekkerimaki.
14:09 of 2nd period - Shot Blocked by Brendan Brisson.
14:46 of 2nd period - Nico Myatovic is hit by Jayson Megna and loses puck.
15:10 of 2nd period - Scott Perunovich is hit by Jan Rutta and loses puck.
16:18 of 2nd period - Slapshot by Jacob Moverare.
16:18 of 2nd period - Deflect By Aleksanteri Kaskimaki.
16:18 of 2nd period - Goal by Aleksanteri Kaskimaki - Toronto St Pats : 1 - Tappara Tampere : 3.
16:19 of 2nd period - John Farinacci wins face-off versus Michael Rasmussen in neutral zone.
16:34 of 2nd period - Wrist shot by Logan Stankoven.
16:34 of 2nd period - Shot Blocked by Jacob Moverare.
16:47 of 2nd period - Off-side.
16:48 of 2nd period - Kyle MacLean wins face-off versus Pierre Engvall in neutral zone.
16:52 of 2nd period - Icing by Andreas Englund.
16:53 of 2nd period - Sam Carrick wins face-off versus John Farinacci in Tappara Tampere zone.
17:16 of 2nd period - Wrist shot by Andrew Poturalski.
17:16 of 2nd period - Shot Misses the Net.
17:18 of 2nd period - Backhand shot by Sam Carrick.
17:18 of 2nd period - Shot Misses the Net.
17:38 of 2nd period - Snap shot by Pierre Engvall.
17:38 of 2nd period - Stopped by Matt Murray with a rebound.
17:40 of 2nd period - Snap shot by Sam Carrick.
17:40 of 2nd period - Stopped by Matt Murray without a rebound.
17:41 of 2nd period - Michael Rasmussen wins face-off versus Kyle MacLean in Toronto St Pats zone.
17:44 of 2nd period - Wrist shot by Nathan Walker.
17:44 of 2nd period - Goal by Nathan Walker - Toronto St Pats : 1 - Tappara Tampere : 4.
17:45 of 2nd period - Kyle MacLean wins face-off versus Michael Rasmussen in neutral zone.
17:48 of 2nd period - Nathan Walker is hit by Ville Koivunen and loses puck.
18:07 of 2nd period - Icing by Jan Rutta.
18:08 of 2nd period - Tomas Nosek wins face-off versus John Farinacci in Tappara Tampere zone.
18:43 of 2nd period - Snap shot by Andrew Poturalski.
18:43 of 2nd period - Stopped by Matt Murray with a rebound.
18:45 of 2nd period - Snap shot by Sam Carrick.
18:45 of 2nd period - Stopped by Matt Murray with a rebound.
18:52 of 2nd period - Icing by Cole Schwindt.
18:53 of 2nd period - Michael Rasmussen wins face-off versus Kyle MacLean in Toronto St Pats zone.
19:04 of 2nd period - Slapshot by Nathan Walker.
19:04 of 2nd period - Stopped by Matt Murray with a rebound.
19:06 of 2nd period - Slapshot by Logan Stankoven.
19:06 of 2nd period - Goal by Logan Stankoven - Toronto St Pats : 1 - Tappara Tampere : 5.
19:07 of 2nd period - Michael Rasmussen wins face-off versus Kyle MacLean in neutral zone.
19:12 of 2nd period - Snap shot by Michael Rasmussen.
19:12 of 2nd period - Stopped by Matt Murray with a rebound.
19:14 of 2nd period - Slapshot by Justin Holl.
19:14 of 2nd period - Stopped by Matt Murray without a rebound.
19:15 of 2nd period - Michael Rasmussen wins face-off versus Kyle MacLean in Toronto St Pats zone.
19:26 of 2nd period - Slapshot by Logan Stankoven.
19:26 of 2nd period - Shot Misses the Net.
19:28 of 2nd period - Snap shot by Nathan Walker.
19:28 of 2nd period - Stopped by Matt Murray with a rebound.
19:30 of 2nd period - Snap shot by Logan Stankoven.
19:30 of 2nd period - Stopped by Matt Murray without a rebound.
19:31 of 2nd period - Aleksanteri Kaskimaki wins face-off versus Klim Kostin in Toronto St Pats zone.
Goals for this period are 1 for Toronto St Pats vs 3 for Tappara Tampere.
Shots for this period are 10 for Toronto St Pats vs 18 for Tappara Tampere.

3rd period


0:01 of 3rd period - Sam Carrick wins face-off versus Kyle MacLean in neutral zone.
1:02 of 3rd period - Jonathan Lekkerimaki is hit by Brett Berard and loses puck.
1:13 of 3rd period - Cole McWard is hit by Klim Kostin and loses puck.
1:20 of 3rd period - Wrist shot by Mitchell Chaffee.
1:20 of 3rd period - Stopped by Matt Murray without a rebound.
1:21 of 3rd period - Kyle MacLean wins face-off versus Sam Carrick in Toronto St Pats zone.
1:34 of 3rd period - Slapshot by Kyle MacLean.
1:34 of 3rd period - Stopped by Joel Hofer without a rebound.
1:35 of 3rd period - Michael Rasmussen wins face-off versus Aleksanteri Kaskimaki in Tappara Tampere zone.
1:35 of 3rd period - Michael Rasmussen is hit by Juuso Valimaki.
1:47 of 3rd period - Wrist shot by Michael Rasmussen.
1:47 of 3rd period - Stopped by Matt Murray with a rebound.
1:57 of 3rd period - Sebastian J. Aho is hit by Jonah Gadjovich and loses puck.
2:12 of 3rd period - Wrist shot by Ville Koivunen.
2:12 of 3rd period - Stopped by Joel Hofer with a rebound.
2:56 of 3rd period - Snap shot by Ty Mueller.
2:56 of 3rd period - Stopped by Joel Hofer without a rebound.
2:57 of 3rd period - Tomas Nosek wins face-off versus Ty Mueller in Tappara Tampere zone.
3:20 of 3rd period - Backhand shot by Brendan Brisson.
3:20 of 3rd period - Shot Blocked by John Klingberg.
3:22 of 3rd period - Slapshot by Nico Myatovic.
3:22 of 3rd period - Shot Misses the Net.
3:26 of 3rd period - Snap shot by Ty Mueller.
3:26 of 3rd period - Stopped by Joel Hofer with a rebound.
3:28 of 3rd period - Slapshot by Elias Salomonsson.
3:28 of 3rd period - Stopped by Joel Hofer with a rebound.
3:30 of 3rd period - Wrist shot by Nico Myatovic.
3:30 of 3rd period - Stopped by Joel Hofer with a rebound.
3:32 of 3rd period - Snap shot by Elias Salomonsson.
3:32 of 3rd period - Stopped by Joel Hofer with a rebound.
3:38 of 3rd period - Backhand shot by Ty Mueller.
3:38 of 3rd period - Stopped by Joel Hofer with a rebound.
3:40 of 3rd period - Slapshot by Elias Salomonsson.
3:40 of 3rd period - Shot Misses the Net.
3:42 of 3rd period - Backhand shot by Brendan Brisson.
3:42 of 3rd period - Goal by Brendan Brisson - Toronto St Pats : 2 - Tappara Tampere : 5.
3:43 of 3rd period - Kyle MacLean wins face-off versus Michael Rasmussen in neutral zone.
4:08 of 3rd period - Cole Schwindt is hit by Justin Holl and loses puck.
5:19 of 3rd period - Snap shot by Ville Koivunen.
5:19 of 3rd period - Shot Misses the Net.
5:21 of 3rd period - Backhand shot by Austin Watson.
5:21 of 3rd period - Shot Misses the Net.
5:23 of 3rd period - Wrist shot by Kyle MacLean.
5:23 of 3rd period - Shot Blocked by Michael Rasmussen.
5:35 of 3rd period - Wrist shot by Mitchell Chaffee.
5:35 of 3rd period - Stopped by Matt Murray without a rebound.
5:36 of 3rd period - John Farinacci wins face-off versus Tomas Nosek in Toronto St Pats zone.
5:48 of 3rd period - Snap shot by Brett Berard.
5:48 of 3rd period - Deflect By Mitchell Chaffee.
5:48 of 3rd period - Shot Misses the Net.
5:48 of 3rd period - Puck is out of play.
5:49 of 3rd period - Kyle MacLean wins face-off versus Michael Rasmussen in Tappara Tampere zone.
5:52 of 3rd period - Snap shot by Kyle MacLean.
5:52 of 3rd period - Stopped by Joel Hofer with a rebound.
6:14 of 3rd period - Pierre Engvall is hit by Juuso Valimaki.
6:20 of 3rd period - Snap shot by Bogdan Trineyev.
6:20 of 3rd period - Shot Misses the Net.
6:22 of 3rd period - Slapshot by Jonah Gadjovich.
6:22 of 3rd period - Shot Misses the Net.
6:45 of 3rd period - Off-side.
6:46 of 3rd period - Kyle MacLean wins face-off versus Michael Rasmussen in neutral zone.
6:51 of 3rd period - Wrist shot by Austin Watson.
6:51 of 3rd period - Shot Misses the Net.
7:16 of 3rd period - Snap shot by Cole Schwindt.
7:16 of 3rd period - Stopped by Joel Hofer without a rebound.
7:17 of 3rd period - Tomas Nosek wins face-off versus Jonah Gadjovich in Tappara Tampere zone.
7:17 of 3rd period - Tomas Nosek is hit by Aleksanteri Kaskimaki.
7:22 of 3rd period - Andreas Englund and Bogdan Trineyev fight to a draw.
7:22 of 3rd period - Penalty to Andreas Englund for Fighting.
7:22 of 3rd period - Penalty to Bogdan Trineyev for Fighting.
7:23 of 3rd period - Sam Carrick wins face-off versus Kyle MacLean in Toronto St Pats zone.
7:38 of 3rd period - Snap shot by Austin Watson.
7:38 of 3rd period - Goal by Austin Watson - Toronto St Pats : 3 - Tappara Tampere : 5.
7:39 of 3rd period - Michael Rasmussen wins face-off versus John Farinacci in neutral zone.
7:44 of 3rd period - Wrist shot by Michael Rasmussen.
7:44 of 3rd period - Stopped by Matt Murray without a rebound.
7:45 of 3rd period - John Farinacci wins face-off versus Michael Rasmussen in Toronto St Pats zone.
7:59 of 3rd period - Slapshot by Logan Stankoven.
7:59 of 3rd period - Stopped by Matt Murray with a rebound.
8:01 of 3rd period - Slapshot by Michael Rasmussen.
8:01 of 3rd period - Shot Misses the Net.
8:13 of 3rd period - Jacob Moverare is hit by Mitchell Chaffee and loses puck.
9:12 of 3rd period - Wrist shot by Logan Stankoven.
9:12 of 3rd period - Stopped by Matt Murray with a rebound.
9:37 of 3rd period - Elias Salomonsson is hit by Ville Ottavainen and loses puck.
9:50 of 3rd period - Cole McWard is hit by Ville Ottavainen and loses puck.
10:12 of 3rd period - Cole Schwindt is hit by Nathan Walker and loses puck.
10:19 of 3rd period - John Farinacci is hit by Sebastian J. Aho and loses puck.
10:37 of 3rd period - Max Sasson is hit by Jonah Gadjovich and loses puck.
10:52 of 3rd period - Brendan Brisson is hit by Tomas Nosek and loses puck.
11:10 of 3rd period - Austin Watson is hit by Andrew Poturalski and loses puck.
11:54 of 3rd period - Wrist shot by Max Sasson.
11:54 of 3rd period - Stopped by Matt Murray with a rebound.
11:56 of 3rd period - Slapshot by Sebastian J. Aho.
11:56 of 3rd period - Stopped by Matt Murray with a rebound.
12:16 of 3rd period - Snap shot by Brett Berard.
12:16 of 3rd period - Shot Blocked by Jan Rutta.
12:39 of 3rd period - Andrew Poturalski is hit by Brendan Brisson and loses puck.
12:52 of 3rd period - Snap shot by Jonah Gadjovich.
12:52 of 3rd period - Deflect By Aleksanteri Kaskimaki.
12:52 of 3rd period - Stopped by Joel Hofer with a rebound.
13:15 of 3rd period - Jayson Megna is hit by Ville Koivunen and loses puck.
13:36 of 3rd period - Off-side.
13:37 of 3rd period - Aleksanteri Kaskimaki wins face-off versus Sam Carrick in neutral zone.
13:44 of 3rd period - Snap shot by Jonah Gadjovich.
13:44 of 3rd period - Stopped by Joel Hofer with a rebound.
14:02 of 3rd period - Ville Ottavainen is hit by Austin Watson and loses puck.
14:07 of 3rd period - Snap shot by Kyle MacLean.
14:07 of 3rd period - Stopped by Joel Hofer without a rebound.
14:08 of 3rd period - Michael Rasmussen wins face-off versus John Farinacci in Tappara Tampere zone.
14:17 of 3rd period - Wrist shot by Michael Rasmussen.
14:17 of 3rd period - Deflect By Logan Stankoven.
14:17 of 3rd period - Shot Misses the Net.
14:17 of 3rd period - Puck is out of play.
14:18 of 3rd period - Nathan Walker wins face-off versus Brett Berard in Toronto St Pats zone.
15:10 of 3rd period - Nathan Walker is hit by John Farinacci and loses puck.
15:31 of 3rd period - Snap shot by John Farinacci.
15:31 of 3rd period - Stopped by Joel Hofer with a rebound.
15:33 of 3rd period - Slapshot by Brett Berard.
15:33 of 3rd period - Shot Misses the Net.
15:35 of 3rd period - Wrist shot by Brett Berard.
15:35 of 3rd period - Stopped by Joel Hofer with a rebound.
15:37 of 3rd period - Snap shot by Cole Schwindt.
15:37 of 3rd period - Shot Blocked by Andreas Englund.
15:39 of 3rd period - Snap shot by John Farinacci.
15:39 of 3rd period - Stopped by Joel Hofer with a rebound.
15:41 of 3rd period - Slapshot by Juuso Valimaki.
15:41 of 3rd period - Stopped by Joel Hofer without a rebound.
15:42 of 3rd period - Tomas Nosek wins face-off versus Aleksanteri Kaskimaki in Tappara Tampere zone.
16:14 of 3rd period - Slapshot by Brendan Brisson.
16:14 of 3rd period - Shot Blocked by Max Sasson.
16:16 of 3rd period - Snap shot by Nico Myatovic.
16:16 of 3rd period - Shot Misses the Net.
16:18 of 3rd period - Snap shot by Jakub Dvorak.
16:18 of 3rd period - Goal by Jakub Dvorak - Toronto St Pats : 4 - Tappara Tampere : 5.
16:19 of 3rd period - Aleksanteri Kaskimaki wins face-off versus Tomas Nosek in neutral zone.
16:44 of 3rd period - Scott Perunovich is hit by Pierre Engvall and loses puck.
17:13 of 3rd period - Snap shot by Ville Koivunen.
17:13 of 3rd period - Shot Misses the Net.
17:15 of 3rd period - Snap shot by Kyle MacLean.
17:15 of 3rd period - Toronto St Pats goal is going for a video replay.
17:15 of 3rd period - The goal is good.
17:15 of 3rd period - Goal by Kyle MacLean - Toronto St Pats : 5 - Tappara Tampere : 5.
17:16 of 3rd period - Aleksanteri Kaskimaki wins face-off versus Tomas Nosek in neutral zone.
17:23 of 3rd period - Wrist shot by Jonah Gadjovich.
17:23 of 3rd period - Deflect By Bogdan Trineyev.
17:23 of 3rd period - Stopped by Joel Hofer without a rebound.
17:24 of 3rd period - Aleksanteri Kaskimaki wins face-off versus Tomas Nosek in Tappara Tampere zone.
17:25 of 3rd period - Wrist shot by Jonah Gadjovich.
17:25 of 3rd period - Stopped by Joel Hofer without a rebound.
17:26 of 3rd period - Tomas Nosek wins face-off versus Aleksanteri Kaskimaki in Tappara Tampere zone.
17:26 of 3rd period - Jonah Gadjovich beats up Jan Rutta.
17:26 of 3rd period - Penalty to Jan Rutta for Fighting.
17:26 of 3rd period - Penalty to Jonah Gadjovich for Fighting.
17:27 of 3rd period - Aleksanteri Kaskimaki wins face-off versus Mitchell Chaffee in Tappara Tampere zone.
17:37 of 3rd period - Slapshot by Aleksanteri Kaskimaki.
17:37 of 3rd period - Shot Misses the Net.
17:39 of 3rd period - Slapshot by Juuso Valimaki.
17:39 of 3rd period - Stopped by Joel Hofer without a rebound.
17:40 of 3rd period - Tomas Nosek wins face-off versus Aleksanteri Kaskimaki in Tappara Tampere zone.
17:51 of 3rd period - Wrist shot by Mitchell Chaffee.
17:51 of 3rd period - Stopped by Matt Murray with a rebound.
18:21 of 3rd period - Ville Koivunen is hit by Michael Rasmussen and loses puck.
18:29 of 3rd period - Icing by Austin Watson.
18:30 of 3rd period - John Farinacci wins face-off versus Max Sasson in Toronto St Pats zone.
18:30 of 3rd period - John Farinacci is hit by Sebastian J. Aho.
18:46 of 3rd period - Wrist shot by Jonathan Lekkerimaki.
18:46 of 3rd period - Stopped by Matt Murray with a rebound.
19:01 of 3rd period - Off-side.
19:02 of 3rd period - Tomas Nosek wins face-off versus Aleksanteri Kaskimaki in neutral zone.
19:05 of 3rd period - Slapshot by Klim Kostin.
19:05 of 3rd period - Shot Blocked by Jakub Dvorak.
19:07 of 3rd period - Wrist shot by Mitchell Chaffee.
19:07 of 3rd period - Shot Blocked by Elias Salomonsson.
19:09 of 3rd period - Slapshot by Ville Ottavainen.
19:09 of 3rd period - Shot Blocked by Jakub Dvorak.
19:17 of 3rd period - Ty Mueller is hit by Ville Ottavainen and loses puck.
19:27 of 3rd period - Icing by Bogdan Trineyev.
19:28 of 3rd period - John Farinacci wins face-off versus Michael Rasmussen in Toronto St Pats zone.
Goals for this period are 4 for Toronto St Pats vs 0 for Tappara Tampere.
Shots for this period are 24 for Toronto St Pats vs 10 for Tappara Tampere.

Overtime #1


0:01 of 1st overtime period - Sam Carrick wins face-off versus Kyle MacLean in neutral zone.
0:26 of 1st overtime period - Ville Ottavainen is hit by Jacob Moverare.
0:39 of 1st overtime period - Icing by Brett Berard.
0:40 of 1st overtime period - Sam Carrick wins face-off versus John Farinacci in Toronto St Pats zone.
0:45 of 1st overtime period - Wrist shot by Sam Carrick.
0:45 of 1st overtime period - Stopped by Matt Murray with a rebound.
0:47 of 1st overtime period - Slapshot by Ville Ottavainen.
0:47 of 1st overtime period - Stopped by Matt Murray without a rebound.
0:48 of 1st overtime period - Sam Carrick wins face-off versus Austin Watson in Toronto St Pats zone.
0:59 of 1st overtime period - Pierre Engvall is hit by Ville Koivunen and loses puck.
1:16 of 1st overtime period - Snap shot by Pierre Engvall.
1:16 of 1st overtime period - Stopped by Matt Murray with a rebound.
1:24 of 1st overtime period - Snap shot by Andrew Poturalski.
1:24 of 1st overtime period - Stopped by Matt Murray with a rebound.
1:28 of 1st overtime period - Wrist shot by Andrew Poturalski.
1:28 of 1st overtime period - Stopped by Matt Murray with a rebound.
1:30 of 1st overtime period - Wrist shot by Pierre Engvall.
1:30 of 1st overtime period - Stopped by Matt Murray without a rebound.
1:31 of 1st overtime period - Aleksanteri Kaskimaki wins face-off versus Michael Rasmussen in Toronto St Pats zone.
1:31 of 1st overtime period - Aleksanteri Kaskimaki is hit by Logan Stankoven.
1:36 of 1st overtime period - Juuso Valimaki is hit by Andreas Englund and loses puck.
1:46 of 1st overtime period - Snap shot by Bogdan Trineyev.
1:46 of 1st overtime period - Stopped by Joel Hofer without a rebound.
1:47 of 1st overtime period - John Farinacci wins face-off versus Klim Kostin in Tappara Tampere zone.
1:52 of 1st overtime period - Wrist shot by Brett Berard.
1:52 of 1st overtime period - Stopped by Joel Hofer without a rebound.
1:53 of 1st overtime period - John Farinacci wins face-off versus Tomas Nosek in Tappara Tampere zone.
2:44 of 1st overtime period - Snap shot by Max Sasson.
2:44 of 1st overtime period - Shot Misses the Net.
2:46 of 1st overtime period - Slapshot by Jonathan Lekkerimaki.
2:46 of 1st overtime period - Stopped by Matt Murray without a rebound.
2:47 of 1st overtime period - Aleksanteri Kaskimaki wins face-off versus Michael Rasmussen in Toronto St Pats zone.
3:14 of 1st overtime period - Jan Rutta is hit by Austin Watson and loses puck.
4:06 of 1st overtime period - Ville Ottavainen is hit by Nico Myatovic and loses puck.
4:44 of 1st overtime period - Double Minor Penalty to Kyle MacLean for Roughing.
4:45 of 1st overtime period - Michael Rasmussen wins face-off versus Jonah Gadjovich in Toronto St Pats zone.
5:11 of 1st overtime period - Jonah Gadjovich is hit by Andrew Poturalski and loses puck.
5:36 of 1st overtime period - Snap shot by Ville Koivunen.
5:36 of 1st overtime period - Shot Misses the Net.
6:42 of 1st overtime period - Michael Rasmussen is hit by Ty Mueller and loses puck.
8:23 of 1st overtime period - Ville Koivunen is hit by Sam Carrick and loses puck.
8:44 of 1st overtime period - Penalty to Kyle MacLean is over, Kyle MacLean is back on ice.
9:41 of 1st overtime period - Slapshot by Ty Mueller.
9:41 of 1st overtime period - Deflect By Brendan Brisson.
9:41 of 1st overtime period - Shot Misses the Net.
9:41 of 1st overtime period - Puck is out of play.
9:42 of 1st overtime period - Ty Mueller wins face-off versus Tomas Nosek in Tappara Tampere zone.
9:49 of 1st overtime period - Wrist shot by Brendan Brisson.
9:49 of 1st overtime period - Stopped by Joel Hofer without a rebound.
9:50 of 1st overtime period - Sam Carrick wins face-off versus Kyle MacLean in Tappara Tampere zone.
10:01 of 1st overtime period - Slapshot by Pierre Engvall.
10:01 of 1st overtime period - Shot Misses the Net.
11:50 of 1st overtime period - Icing by Jacob Moverare.
11:51 of 1st overtime period - Michael Rasmussen wins face-off versus Kyle MacLean in Toronto St Pats zone.
12:02 of 1st overtime period - Nathan Walker is hit by Elias Salomonsson and loses puck.
12:10 of 1st overtime period - Icing by Sebastian J. Aho.
12:11 of 1st overtime period - Michael Rasmussen wins face-off versus John Farinacci in Tappara Tampere zone.
12:22 of 1st overtime period - Michael Rasmussen is hit by Cole McWard and loses puck.
12:53 of 1st overtime period - Slapshot by Nathan Walker.
12:53 of 1st overtime period - Shot Misses the Net.
12:55 of 1st overtime period - Wrist shot by Logan Stankoven.
12:55 of 1st overtime period - Goal by Logan Stankoven - Toronto St Pats : 5 - Tappara Tampere : 6.
Goals for this period are 0 for Toronto St Pats vs 1 for Tappara Tampere.
Shots for this period are 3 for Toronto St Pats vs 8 for Tappara Tampere.